AoeStats
← IsabelSabe

Fortress

509751295Analyzed
3v3 RM · 6d ago on Sep 27, 2026· 70m 53s· 6 players
Game mode
Random Map
Map size
Large (8 player)
Population
200
Speed
Normal
Resources
Standard
Victory
Conquest
Starting age
Dark Age
Ending age
Imperial Age
RankedLock teamsTeams togetherTeam positionsShared explorationLock speedFull tech treeHidden civsTurbo modeCheats
Victory
Defeat
🇺🇸 Danes · United States
1251
+14
🇺🇸 Italians · United States
1194
+17
🇺🇸 Malians · United States
1061
+21
🇺🇾 Burgundians · Uruguay
1244
-19
🇺🇸 Lithuanians · United States
1199
-17
🇺🇸 Byzantines · United States
1169
-16
Xilex
5:44 Loom
8:28 Feudal Age
12:34 Castle Age
11:25 Gold Mining
11:27 Double-Bit Axe
11:49 Scale Mail Armor
12:22 Arson
12:29 Horse Collar
20:37 Wheelbarrow
23:07 Forging
24:42 Hand Cart
24:54 Town Watch
25:17 Heavy Plow
26:02 Chain Mail Armor
32:05 Imperial Age
30:48 Iron Casting
30:43 Bow Saw
32:53 Gold Shaft Mining
32:05 Capped Ram
33:08 Conscription
32:52 Squires
32:54 Stone Mining
33:00 Stone Mining
34:31 Blast Furnace
34:02 Plate Mail Armor
33:44 Siege Ram
34:30 Hamask
35:53 Stone Shaft Mining
37:35 Elite Jomsviking
37:36 Northmen's Fury
40:50 Fletching
41:01 Padded Archer Armor
47:46 Town Patrol
47:43 Bodkin Arrow
48:03 Leather Archer Armor
56:59 Ballistics
57:40 Chemistry
56:45 Siege Engineers
56:51 Masonry
66:56 Caravan
67:27 Coinage
Matrim Myth
8:27 Feudal Age
13:23 Castle Age
11:27 Fletching
14:04 Double-Bit Axe
14:14 Gold Mining
15:30 Wheelbarrow
15:24 Loom
15:54 Padded Archer Armor
16:32 Bow Saw
21:43 Ballistics
21:50 Thumb Ring
23:23 Town Watch
25:11 Horse Collar
26:21 Stone Mining
27:23 Town Patrol
29:30 Bloodlines
32:41 Imperial Age
30:27 Hand Cart
30:09 Light Cavalry
31:55 Bodkin Arrow
32:15 Leather Archer Armor
32:48 Husbandry
34:56 Bracer
35:26 Ring Archer Armor
36:24 Chemistry
36:46 Heavy Plow
39:11 Conscription
40:15 Forging
43:57 Two-Man Saw
43:01 Treadmill Crane
46:48 Caravan
48:02 Stone Shaft Mining
49:08 Hussar
58:19 Iron Casting
57:51 Scale Barding Armor
63:08 Blast Furnace
62:29 Chain Barding Armor
64:38 Crop Rotation
64:25 Elite Skirmisher
65:52 Pirotechnia
66:06 Scale Mail Armor
67:17 Elite Genoese Crossbowman
69:43 Squires
69:29 Arson
70:41 Plate Barding Armor
70:21 Chain Mail Armor
Wildanlor
7:23 Feudal Age
6:03 Loom
9:06 Gold Mining
9:00 Horse Collar
9:09 Double-Bit Axe
13:00 Castle Age
12:30 Scale Mail Armor
14:30 Gold Shaft Mining
17:20 Heavy Plow
20:56 Fletching
21:42 Squires
21:49 Padded Archer Armor
23:10 Bow Saw
23:10 Murder Holes
24:12 Tigui
25:25 Wheelbarrow
24:51 Arson
25:30 Town Watch
25:31 Treadmill Crane
26:58 Hand Cart
26:30 Loom
27:28 Town Patrol
28:06 Ballistics
28:28 Bodkin Arrow
28:48 Leather Archer Armor
28:57 Chain Mail Armor
28:53 Forging
29:18 Fortified Wall
33:59 Imperial Age
34:58 Iron Casting
35:13 Plate Mail Armor
34:21 Elite Gbeto
35:22 Conscription
35:57 Hoardings
35:39 Capped Ram
36:47 Farimba
39:03 Bloodlines
38:13 Cavalier
38:55 Husbandry
39:40 Heavy Camel Rider
40:48 Scale Barding Armor
48:36 Thumb Ring
50:37 Guilds
50:37 Caravan
51:44 Pikeman
53:06 Chain Barding Armor
53:16 Ring Archer Armor
61:10 Light Cavalry
70:01 Chemistry
69:46 Plate Barding Armor
Tachyon
3:10 Loom
8:53 Feudal Age
13:11 Castle Age
11:57 Double-Bit Axe
11:55 Horse Collar
13:17 Stone Mining
14:55 Bow Saw
16:27 Wheelbarrow
16:23 Heavy Plow
17:36 Fletching
21:12 Gold Mining
22:02 Bodkin Arrow
22:30 Padded Archer Armor
22:32 Elite Skirmisher
27:59 Imperial Age
27:11 Thumb Ring
27:26 Leather Archer Armor
27:43 Hand Cart
29:47 Chemistry
29:32 Conscription
30:03 Bracer
31:10 Ring Archer Armor
31:21 Gold Shaft Mining
32:27 Two-Man Saw
32:06 Stone Shaft Mining
32:09 Ballistics
33:38 Caravan
33:49 Guilds
35:40 Hoardings
35:22 Fortified Wall
35:51 Crop Rotation
34:49 Capped Ram
38:40 Murder Holes
42:03 Light Cavalry
42:44 Husbandry
42:54 Scale Barding Armor
42:59 Forging
42:35 Treadmill Crane
44:13 Heavy Camel Rider
46:27 Chain Barding Armor
47:56 Plate Barding Armor
47:57 Iron Casting
56:04 Hussar
63:24 Crossbowman
64:47 Scale Mail Armor
64:26 Arbalester
IsabelSabe
4:01 Loom
7:20 Feudal Age
8:00 Double-Bit Axe
11:45 Castle Age
12:15 Scale Barding Armor
22:28 Chain Barding Armor
26:47 Imperial Age
29:40 Conscription
29:52 Fletching
30:03 Padded Archer Armor
30:43 Crossbowman
34:32 Ballistics
35:14 Chemistry
35:01 Leather Archer Armor
35:28 Bodkin Arrow
37:45 Thumb Ring
40:16 Town Watch
41:32 Wheelbarrow
52:55 Town Patrol
52:55 Elite Skirmisher
59:27 Hand Cart
60:26 Horse Collar
62:10 Husbandry
69:02 Light Cavalry
69:53 Bloodlines
BOT [Quaa]
2:17 Loom
3:22 Horse Collar
3:28 Double-Bit Axe
7:52 Wheelbarrow
9:25 Feudal Age
7:58 Gold Mining
13:32 Castle Age
11:36 Heavy Plow
12:15 Bow Saw
16:33 Cavalier
18:09 Scale Barding Armor
24:28 Husbandry
30:26 Imperial Age
29:17 Light Cavalry
30:32 Chain Barding Armor
30:23 Forging
30:29 Hand Cart
29:59 Town Watch
31:45 Gold Shaft Mining
31:00 Stone Mining
31:42 Crop Rotation
30:56 Paladin
32:24 Plate Barding Armor
31:16 Hussar
33:17 Town Patrol
35:05 Iron Casting
34:22 Fletching
47:20 Burgundian Vineyards
47:35 Conscription
50:16 Blast Furnace
49:11 Bodkin Arrow
52:55 Ballistics
52:46 Fortified Wall
53:45 Chemistry
54:18 Padded Archer Armor
Connection lost

Rejoining the realm…

Still unreachable

The connection could not be restored.

Session expired

The server has moved on; the page needs a fresh start.